 Dungeon Crawl Stone Soup version 0.22-a0-880-gb7b0c8b (webtiles) character file.

6678 jjfam the Basher (level 10, -5/90 HPs)
             Began as a Minotaur Berserker on July 30, 2018.
             Was a High Priest of Trog.
             Slain by an orc warrior
             ... wielding a +0 glaive
              (18 damage)
             ... on level 10 of the Dungeon.
             The game lasted 00:22:17 (7530 turns).

jjfam the Basher (Minotaur Berserker)               Turns: 7530, Time: 00:22:18

Health: -5/90      AC: 12    Str: 33    XL:     10   Next: 73%
Magic:  3/3        EV: 13    Int:  4    God:    Trog [*****.]
Gold:   401        SH:  0    Dex: 10    Spells: 9/9 levels left

rFire    . . .     SeeInvis .   k - +2 flail (antimagic)
rCold    . . .     Gourm    .   (no shield)
rNeg     + . .     Faith    .   i - +2 ring mail {rN+}
rPois    .         Spirit   .   E - +2 hat
rElec    .         Reflect  .   (no cloak)
rCorr    .         Harm     .   w - +0 pair of gloves
MR       .....                  (no boots)
Stlth    ..........             (no amulet)
HPRegen  0.25/turn              A - ring "Jeock" {Str+5 Slay+4}
MPRegen  0.08/turn              y - +3 ring of strength

@: lethally poisoned (-5 -> -6), berserk cooldown, slowed, very slow
A: retaliatory headbutt, horns 2
a: Berserk, Trog's Hand, Brothers in Arms, Renounce Religion


You were on level 10 of the Dungeon.
You worshipped Trog.
Trog was extremely pleased with you.
You were not hungry.

You visited 1 branch of the dungeon, and saw 10 of its levels.

You collected 548 gold pieces.
You spent 147 gold pieces at shops.

Inventory:

Hand Weapons
 a - a +1 hand axe
 k - a +2 antimagic flail (weapon)
 M - a +5 flail
Armour
 i - a +2 ring mail of positive energy (worn)
 w - a +0 pair of gloves (worn)
 E - a +2 hat (worn)
Jewellery
 o - an uncursed ring of protection from fire
 y - a +3 ring of strength (right hand)
 A - the ring "Jeock" (left hand) {Str+5 Slay+4}
   (You found it on level 6 of the Dungeon)

   [ring of slaying]

   It affects your strength (+5).
   It affects your accuracy and damage with ranged weapons and melee attacks
   (+4).
 F - a +3 ring of dexterity
 H - a cursed ring of magical power {unknown}
 I - an uncursed amulet of the acrobat {unknown}
 K - an uncursed ring of fire {unknown}
Wands
 n - a wand of iceblast (11)
 q - a wand of flame (27)
 u - a wand of digging (8)
 v - a wand of paralysis (20)
 x - a wand of random effects (25)
 C - a wand of scattershot (5)
 L - a wand of disintegration (17)
Scrolls
 b - a scroll of immolation
 d - a scroll of teleportation {unknown}
 j - 4 scrolls of remove curse
 p - 2 scrolls of magic mapping
 s - 5 scrolls of identify
 t - 3 scrolls of enchant armour
 D - a scroll of enchant weapon
 G - a scroll of silence {unknown}
 J - a scroll of vulnerability {unknown}
Potions
 e - 2 potions of flight {unknown}
 f - a potion of mutation {unknown}
 g - 8 potions of heal wounds {unknown}
 h - 5 potions of brilliance
 l - 2 potions of resistance {unknown}
 m - 4 potions of curing {unknown}
 r - a potion of might {unknown}
 z - a potion of berserk rage {unknown}
Comestibles
 c - 21 rations


   Skills:
 + Level 8.6 Fighting
 - Level 7.3(11.4) Axes
 - Level 13.5(14.2) Maces & Flails
 + Level 7.9 Armour
 + Level 5.3 Dodging


You had 9 spell levels left.
You didn't know any spells.
Your spell library was empty.

Dungeon Overview and Level Annotations

Branches:
Dungeon (10/15)            Temple (0/1) D:7
   Lair: D:8-11         Orc: D:9-12

Altars:
Cheibriados
Fedhas
Gozag
Kikubaaqudgha
Makhleb
Nemelex Xobeh
Okawaru
Qazlal
Ru
Trog
Vehumet
Yredelemnul
The Shining One

Shops:
D:5 *

Annotations:
D:6 1 runed door, exclusion: door


Innate Abilities, Weirdness & Mutations

You reflexively headbutt those who attack you in melee.
You have a pair of horns on your head.


Message History

The orc warrior hits you with a glaive!
* * * LOW HITPOINT WARNING * * *
The bullfrog closely misses you. The orc warrior closely misses you.
You furiously retaliate!
You headbutt the orc warrior!
You kill the orc warrior!
Trog accepts your kill.
You feel sick.
The orc warrior hits you from afar with a glaive!
* * * LOW HITPOINT WARNING * * *
The bullfrog hits you but does no damage.
Items here: ( )) ? [[ †† You feel sick.
The bullfrog hits you but does no damage.
The orc warrior misses you.
The crimson imp blinks!
The bullfrog closely misses you.
You see here a dagger of venom.
You feel sick. The orc warrior completely misses you.
The bullfrog barely misses you.
The orc warrior hits you from afar with a glaive!!
You die...

# ## ##.
##8##
#...#...#####
............#
....5...)o..#
.......oo...#
#...#...#oF@+
# ##8##))>#
## #.).#
#(### #.# #.#
##### #.#
....##### #.#
........# #.#


You could see 2 orc warriors, a bullfrog, a crimson imp and 2 orcs.

Vanquished Creatures
  Urug (D:10)
  The ghost of inc the Firebug, a novice GnFE of Cheibriados (D:7)
  Pikel (D:7)
  A guardian serpent (D:9)
  The ghost of Kuinu the Slasher, a novice MiFi (D:6)
  A troll (D:9)
  Prince Ribbit (D:7)
  A hippogriff (D:8)
  Sigmund (D:6)
  Eustachio (D:6)
  A steam dragon (D:9)
  Duvessa (D:5)
  An orc warrior (D:10)
  A phantom (D:7)
  3 sky beasts
  A slave (D:7)
  2 ogres
  2 centaurs
  2 eyes of draining (D:5)
  Blork the orc (D:5)
  6 bullfrogs
  A gnoll sergeant (D:9)
  Dowan (D:5)
  2 scorpions
  8 wights
  2 howler monkeys (D:9)
  A centaur zombie (D:9)
  2 crimson imps
  4 quasits (D:7)
  2 bullfrog skeletons (D:5)
  4 hounds
  A jelly (D:7)
  3 orc priests
  A centaur skeleton (D:5)
  4 iguanas
  8 orc wizards
  3 worker ants
  A hound zombie (D:5)
  Robin (D:4)
  13 adders
  11 gnolls
  2 shadow imps
  An ooze (D:5)
  An adder skeleton (D:4)
  An adder zombie (D:6)
  2 worms
  A dart slug (D:5)
  5 leopard geckos
  23 orcs
  6 ball pythons
  5 giant cockroaches
  14 goblins
  10 hobgoblins
  4 jackals (D:4)
  5 kobolds
  5 quokkas
  5 bats
  2 frilled lizards
  A giant cockroach zombie (D:5)
  A leopard gecko skeleton (D:5)
  2 quokka skeletons
  A quokka zombie (D:6)
  2 rats
203 creatures vanquished.

Notes
Turn   | Place    | Note
-------+----------+-------------------------------------------
     0 | D:1      | jjfam the Minotaur Berserker began the quest for the Orb.
     0 | D:1      | Reached XP level 1. HP: 19/19 MP: 0/0
   322 | D:1      | Reached XP level 2. HP: 20/27 MP: 1/1
   946 | D:2      | Reached XP level 3. HP: 33/33 MP: 2/2
  1483 | D:3      | Reached skill level 5 in Axes
  1483 | D:3      | Reached XP level 4. HP: 29/41 MP: 3/3
  1616 | D:3      | Found an opulent altar of Gozag.
  1828 | D:3      | Reached ** piety under Trog
  2210 | D:4      | Noticed an air elemental
  2276 | D:4      | Noticed Robin
  2288 | D:4      | Reached XP level 5. HP: 47/47 MP: 4/4
  2292 | D:4      | Killed Robin
  2513 | D:4      | Found a radiant altar of Vehumet.
  2517 | D:4      | Found a stormy altar of Qazlal.
  2657 | D:4      | Noticed a water elemental
  2657 | D:4      | Noticed a fire elemental
  2820 | D:5      | Entered Level 5 of the Dungeon
  2820 | D:5      | Noticed Blork the orc
  2835 | D:5      | Reached skill level 5 in Fighting
  2835 | D:5      | Reached XP level 6. HP: 55/56 MP: 5/5
  2835 | D:5      | Noticed Dowan
  2839 | D:5      | Noticed Duvessa
  2842 | D:5      | Killed Blork the orc
  3132 | D:5      | Killed Duvessa
  3135 | D:5      | Killed Dowan
  3135 | D:5      | Reached skill level 5 in Armour
  3135 | D:5      | Reached XP level 7. HP: 40/61 MP: 6/6
  3232 | D:5      | Reached *** piety under Trog
  3602 | D:5      | Found Filoaff's Assorted Antiques.
  3607 | D:5      | Found a basalt altar of Yredelemnul.
  3627 | D:5      | Bought an embroidered hat for 147 gold pieces
  3648 | D:5      | Got a sheer robe
  3756 | D:5      | Reached skill level 1 in Maces & Flails
  4082 | D:5      | Found a bloodstained altar of Trog.
  4093 | D:5      | Reached skill level 2 in Maces & Flails
  4098 | D:5      | Reached XP level 8. HP: 71/71 MP: 0/7
  4148 | D:6      | Noticed Sigmund
  4152 | D:6      | Reached skill level 3 in Maces & Flails
  4160 | D:6      | Killed Sigmund
  4160 | D:6      | Reached skill level 4 in Maces & Flails
  4170 | D:6      | Reached skill level 5 in Maces & Flails
  4216 | D:6      | Found a runed door.
  4220 | D:6      | Noticed Kuinu's ghost (novice MiFi)
  4267 | D:6      | Noticed Eustachio
  4290 | D:6      | Killed Eustachio
  4290 | D:6      | Reached skill level 6 in Maces & Flails
  4621 | D:6      | Got a bone mace
  4765 | D:6      | Got a vibrating copper ring
  4845 | D:6      | Found a runed door.
  5022 | D:6      | Identified the ring "Jeock" {Str+5 Slay+4} (You found it on level 6 of the Dungeon)
  5137 | D:6      | Reached skill level 7 in Maces & Flails
  5142 | D:6      | Killed Kuinu's ghost
  5142 | D:6      | Reached skill level 8 in Maces & Flails
  5142 | D:6      | Reached XP level 9. HP: 79/79 MP: 2/8
  5205 | D:7      | Found a burning altar of Makhleb.
  5237 | D:7      | Reached skill level 9 in Maces & Flails
  5272 | D:7      | Found a staircase to the Ecumenical Temple.
  5290 | D:7      | Reached **** piety under Trog
  5296 | D:7      | Noticed Pikel
  5302 | D:7      | Killed Pikel
  5302 | D:7      | Reached skill level 10 in Maces & Flails
  5307 | D:7      | Found an iron altar of Okawaru.
  5358 | D:7      | Noticed Prince Ribbit
  5367 | D:7      | Killed Prince Ribbit
  5432 | D:7      | Found a transporter.
  5435 | D:7      | Noticed inc's ghost (novice GnFE)
  5453 | D:7      | Found a transporter.
  5465 | D:7      | Killed inc's ghost
  5465 | D:7      | Reached skill level 11 in Maces & Flails
  5802 | D:8      | Reached XP level 10. HP: 88/88 MP: 3/9
  5979 | D:8      | Found an ancient bone altar of Kikubaaqudgha.
  6284 | D:8      | Found a blossoming altar of Fedhas.
  6363 | D:9      | Reached skill level 12 in Maces & Flails
  6519 | D:9      | Noticed a guardian serpent
  6524 | D:9      | Killed a guardian serpent
  6856 | D:9      | Found a sparkling altar of Nemelex Xobeh.
  7232 | D:9      | Reached skill level 13 in Maces & Flails
  7282 | D:9      | Found a sacrificial altar of Ru.
  7286 | D:9      | Found a snail-covered altar of Cheibriados.
  7291 | D:9      | Found a glowing golden altar of the Shining One.
  7444 | D:10     | Entered Level 10 of the Dungeon
  7503 | D:10     | Noticed Urug
  7513 | D:10     | Killed Urug
  7513 | D:10     | Reached skill level 5 in Dodging
  7520 | D:10     | Reached ***** piety under Trog
  7530 | D:10     | Slain by an orc warrior

Vault maps used:
D:1:      dpeg_arrival_oval
D:3:      nicolae_gozag_cash_rules_everything_around_me
D:4:      nicolae_qazlal_style_of_elements, kennysheep_mini_moat, uniq_robin
D:5:      yredelemnul_altar_generic, trog_eyes_of_draining, serial_shops, shop,
          first_ration, uniq_blork_the_orc, uniq_duvessa
D:6:      ebering_ghost_sewer_f, uniq_eustachio, uniq_sigmund
D:7:      marbit_many_paths, lemuel_crystal_altar,
          minmay_temple_entry_enclosed_plants, gammafunk_ghost_stat_death,
          uniq_pikel, uniq_prince_ribbit1
D:8:      overflow_temple_1_default, nicolae_overflow_hidden_temple
D:9:      minmay_overflow_temple_star_quad, old_standard_altar,
          serial_corexii_hall, corexii_hall_statues_i, corexii_hall_statues_s,
          corexii_hall_statues_l, corexii_hall_statues_i,
          nrook_guardian_serpent_double
D:10:     erik_lair_dragon, david_orc_4, serial_shops, nicolae_shop_stone,
          glass_columns_b, uniq_urug

Skill      XL: |  1  2  3  4  5  6  7  8  9 10 |
---------------+-------------------------------+-----
Axes           | 4 5 6 7 |  7.3
Fighting       | 4 5 6 7 8 |  8.6
Armour         | 3 5 6 7 |  7.9
Dodging        | 3 5 |  5.3
Maces & Flails | 2 8 11 13 | 13.5

Action                   |  1- 3 |  4- 6 |  7- 9 | 10-12 || total
-------------------------+-------+-------+-------+-------++-------
Melee: Hand axe          |    95 |    97 |    35 |       ||   227
       Headbutt          |    13 |    14 |    36 |    25 ||    88
       Flail             |       |       |   119 |    93 ||   212
Invok: Berserk           |       |     3 |     7 |     4 ||    14
       Trog's Hand       |       |     3 |     1 |       ||     4
       Brothers in Arms  |       |       |       |     1 ||     1
  Use: Scroll            |       |     1 |     7 |       ||     8
  Eat: Chunk             |     2 |     5 |    12 |     4 ||    23
       Ration            |       |     1 |     2 |     1 ||     4
Armor: Chain mail        |    63 |    56 |    15 |       ||   134
       Ring mail         |       |       |    51 |    41 ||    92
Dodge: Dodged            |    35 |    51 |    95 |    85 ||   266

Table legend:
 A = Spawn XP
 B = Non-spawn XP
 C = Spawn XP percentage of total XP
 D = Spawn monster count
 E = Non-spawn monster count
 F = Spawn count percentage of total count
 G = Total turns spent on level
                    A         B        C        D         E        F      G
               +---------+---------+-------+---------+---------+-------+---------
         Total |       0 |    9541 |   0.0 |       0 |     202 |   0.0 |  7530
               +---------+---------+-------+---------+---------+-------+---------
           D:1 |       0 |      29 |   0.0 |       0 |       9 |   0.0 |   542
           D:2 |       0 |      41 |   0.0 |       0 |      14 |   0.0 |   864
           D:3 |       0 |      94 |   0.0 |       0 |      20 |   0.0 |   780
           D:4 |       0 |     140 |   0.0 |       0 |      27 |   0.0 |  1089
           D:5 |       0 |    1146 |   0.0 |       0 |      32 |   0.0 |   872
           D:6 |       0 |    1558 |   0.0 |       0 |      26 |   0.0 |  1033
           D:7 |       0 |    2397 |   0.0 |       0 |      19 |   0.0 |   602
           D:8 |       0 |     595 |   0.0 |       0 |      13 |   0.0 |   575
           D:9 |       0 |    2236 |   0.0 |       0 |      31 |   0.0 |  1087
          D:10 |       0 |    1305 |   0.0 |       0 |      11 |   0.0 |    86
               +---------+---------+-------+---------+---------+-------+---------
